 Dungeon Crawl Stone Soup version 0.17-b1-20-g63edfd6 (webtiles) character file.

93 radek the Conjurer (level 4, -4/24 HPs)
             Began as a Deep Elf Conjurer on Nov 4, 2015.
             Killed by nerve-wracking pain
             ... invoked by septik's ghost
              (10 damage)
             ... on level 3 of the Dungeon.
             The game lasted 00:05:14 (2585 turns).

radek the Conjurer (Deep Elf Conjurer)              Turns: 2585, Time: 00:05:15

Health: -4/24      AC:  3    Str:  6    XL:     4   Next: 37%
Magic:  10/10      EV: 13    Int: 20    God:
Gold:   174        SH:  0    Dex: 15    Spells: 1 memorised, 8 levels left

rFire  . . .     SeeInvis .     h - +0 short sword
rCold  . . .     Clarity  .     a - +0 robe
rNeg   . . .     SustAt   .     (no shield)
rPois  .         Gourm    .     (no helmet)
rElec  .         Spirit   .     j - +0 cloak
rCorr  .         Warding  .     (no gloves)
rMut   .         Stasis   .     (no boots)
MR     .....                    (no amulet)
Stlth  ++........               (no ring)
                                (no ring)

@: not resistant to hostile enchantments, unstealthy
A: no striking features
a: no special abilities


You were on level 3 of the Dungeon.
You were not hungry.

You visited 1 branch of the dungeon, and saw 3 of its levels.

You collected 174 gold pieces.

Inventory:

Hand Weapons
 h - a +0 short sword (weapon)
Armour
 a - a +0 robe (worn)
 j - a +0 cloak (worn)
Scrolls
 g - a scroll of enchant armour {unknown}
 i - 2 scrolls of immolation {unknown}
 k - 2 scrolls of identify {unknown}
 m - 2 scrolls of teleportation {unknown}
 p - 2 scrolls of remove curse {unknown}
 q - a scroll of blinking {unknown}
 s - a scroll of fog {unknown}
Potions
 d - 2 potions of might {unknown}
 e - 2 potions of heal wounds
 l - a potion of lignification {unknown}
 n - a potion of haste {unknown}
 o - a potion of brilliance {unknown}
Books
 b - a book of Conjurations

   Spells                             Type                      Level
   a - Magic Dart                     Conjuration                  1
   b - Searing Ray                    Conjuration                  2
   c - Dazzling Spray                 Conjuration/Hexes            3
   d - Fulminant Prism                Conjuration/Hexes            4
   e - Iskenderun's Mystic Blast      Conjuration                  4
   f - Iskenderun's Battlesphere      Conjuration/Charms           5
Comestibles
 c - 4 bread rations
 f - 2 beef jerkies
 r - 2 meat rations
 t - a royal jelly
 u - 2 chunks of flesh
 v - 2 fruits


   Skills:
 - Level 2.4 Dodging
 - Level 2.4 Stealth
 - Level 3.0 Spellcasting
 + Level 6.4 Conjurations


You had 8 spell levels left.
You knew the following spells:

 Your Spells              Type           Power        Failure   Level  Hunger
a - Magic Dart            Conj           ####         1%          1    None


Dungeon Overview and Level Annotations

Branches:
Dungeon (3/15)

Altars:

Annotations:
D:3 septik's ghost, amateur DsNe


Message History

An orc comes into view. It is wielding a club.
Found a robe.
An orc comes into view. It is wielding a short sword.
The orc wizard mumbles some strange words.
The orc wizard blinks!
The adder barely misses you. The adder bites you. The adder barely misses you.
The adder closely misses you. The adder bites you but does no damage.
The adder bites you.
You hear the slow rusting of a drain nearby.
The adder bites you but does no damage.
Septik's ghost (amateur Demonspawn Necromancer) comes into view.
Septik's ghost turns its malevolent gaze towards you.
Septik's ghost casts a spell at you. Pain shoots through your body!
* * * LOW HITPOINT WARNING * * *
Septik's ghost casts a spell at you. Pain shoots through your body!
You die...

##.####.#######
#...###..)..<.#
#....##..####.#
#....##).# .#
##W#...... .#
####.......## .#
#.......##.# ..
#.##.##.##[.. .#
#.#.@##.##### ##
#.#S## .#
#.#.###.#
#.......#
####o##### ...
#.......# #.w .
#.##.##.##.. .
#.##....##.# .# #
#.#####.##.##?##.#


You could see septik's ghost, an adder and an orc.

Vanquished Creatures
  2 adders (D:2)
  A worm (D:2)
  A giant gecko (D:2)
  3 orcs (D:2)
  A ball python (D:2)
  12 goblins
  5 hobgoblins
  7 jackals
  10 kobolds
  A quokka (D:2)
  6 bats
  2 giant cockroaches
  5 giant newts
  7 rats
63 creatures vanquished.

Notes
Turn   | Place    | Note
--------------------------------------------------------------
     0 | D:1      | radek the Deep Elf Conjurer began the quest for the Orb.
     0 | D:1      | Reached XP level 1. HP: 10/10 MP: 6/6
   251 | D:1      | Reached XP level 2. HP: 15/15 MP: 5/8
   280 | D:1      | Reached skill level 5 in Conjurations
  1120 | D:2      | Reached XP level 3. HP: 19/19 MP: 2/9
  1708 | D:2      | Reached skill level 6 in Conjurations
  1911 | D:2      | Reached XP level 4. HP: 24/24 MP: 5/10
  2583 | D:3      | Noticed septik's ghost (amateur DsNe)
  2585 | D:3      | Killed from afar by septik's ghost

Action                   |  1- 3 |  4- 6 || total
-------------------------+-------+-------++-------
 Cast: Magic Dart        |    85 |    32 ||   117
  Use: Potion            |     1 |       ||     1
  Eat: Chunk             |     3 |     2 ||     5
